 Dungeon Crawl Stone Soup version 0.20.0-10-g0535bb4 (webtiles) character file.

49 Inarius the Gusty (level 3, -1/26 HPs)
             Began as a Draconian Air Elementalist on June 5, 2017.
             Slain by Robin
             ... wielding a +0 club
              (2 damage)
             ... on level 2 of the Dungeon.
             The game lasted 00:04:43 (1822 turns).

Inarius the Gusty (Draconian Air Elementalist)      Turns: 1822, Time: 00:04:43

Health: -1/26      AC:  5    Str: 18    XL:     3   Next: 53%
Magic:  1/6        EV: 12    Int: 16    God:
Gold:   74         SH:  0    Dex: 11    Spells: 3/6 levels left

rFire    . . .     SeeInvis .   c - -1 mace
rCold    . . .     Gourm    .   (no shield)
rNeg     . . .     Faith    .   (armour unavailable)
rPois    .         Spirit   .   (helmet restricted)
rElec    .         Reflect  .   (no cloak)
rCorr    .         Harm     .   (no gloves)
MR       .....                  (no boots)
Stlth    ++........             (no amulet)
Regen    0.1/turn               d - +3 ring of strength
MPRegen  0.1/turn               (no ring)

@: mighty, very slightly contaminated
A: unfitting armour, cold-blooded, AC +5
a: no special abilities


You were on level 2 of the Dungeon.
You were not hungry.

You visited 1 branch of the dungeon, and saw 2 of its levels.

You collected 74 gold pieces.

Inventory:

Hand Weapons
 c - a -1 mace (weapon)
 j - a +0 long sword
Jewellery
 d - a +3 ring of strength (left hand)
Scrolls
 g - a scroll of remove curse
Potions
 f - a potion of flight {unknown}
 h - a potion of ambrosia {unknown}
Books
 a - a book of Air

   Spells                             Type                      Level
   a - Shock                          Conjuration/Air              1
   b - Swiftness                      Charms/Air                   2
   c - Static Discharge               Conjuration/Air              3
   d - Airstrike                      Air                          4
   e - Lightning Bolt                 Conjuration/Air              5
Comestibles
 b - 2 bread rations
 i - a chunk of flesh


   Skills:
 * Level 2.2 Dodging
 - Level 1.7 Stealth
 + Level 2.2 Spellcasting
 * Level 2.0 Conjurations
 + Level 3.5 Air Magic


You had 3 spell levels left.
You knew the following spells:

 Your Spells              Type           Power        Failure   Level  Hunger
a - Shock                 Conj/Air       ##..         6%          1    #......
b - Swiftness             Chrm/Air       #.......     14%         2    ###....


Dungeon Overview and Level Annotations

Branches:
Dungeon (2/15)

Altars:

Annotations:
D:2 Robin


Innate Abilities, Weirdness & Mutations

Your plain brown scales are hard. (AC +5)
You cannot fit into any form of body armour.
You are cold-blooded and may be slowed by cold attacks.


Message History

You hit Robin but do no damage.
Robin is severely wounded.
Robin points. "Kill!"
Robin closely misses you.
Casting: Shock
Confirm with . or Enter, or press ? or * to list all spells.
You don't have enough magic to cast that spell.
You closely miss Robin.
Robin is severely wounded.
Robin hits you but does no damage.
Robin says, "Bow before me, strongest of all the hobgoblins!"
Robin hits you with a club.
* * * LOW HITPOINT WARNING * * *
You feel very mighty all of a sudden.
You barely miss Robin.
Robin is severely wounded.
Robin zaps a wand.
The puff of flame hits you!
* * * LOW HITPOINT WARNING * * *
Robin hits you with a club.
You die...

######
###...........#####
#....)........###
####'###..###....
#..)..#..# #.
###.....##.# ##
#.'..≈..+..# ####.
#.#...(.#..###....
#)#.....#.........
#@###+####.##...##
#g....##......###
##............##
#....##.......##
)).g.......##........#
.)...##....##........##
.... #....###.....#...
... #....##.......##.
.. ......##.......##.


You could see Robin.

Vanquished Creatures
  An adder (D:1)
  2 ball pythons
  4 bats
  A giant cockroach (D:2)
  13 goblins
  7 hobgoblins
  2 jackals (D:2)
  2 kobolds (D:1)
  2 frilled lizards (D:1)
34 creatures vanquished.

Notes
Turn   | Place    | Note
-------+----------+-------------------------------------------
     0 | D:1      | Inarius the Draconian Air Elementalist began the quest for the Orb.
     0 | D:1      | Reached XP level 1. HP: 14/14 MP: 3/3
   391 | D:1      | Reached XP level 2. HP: 20/20 MP: 3/5
   395 | D:1      | Learned a level 2 spell: Swiftness
  1405 | D:2      | Reached XP level 3. HP: 26/26 MP: 2/6
  1810 | D:2      | Noticed Robin
  1822 | D:2      | HP: 1/26 [Robin/wand of flame (?/48) (2)]
  1822 | D:2      | Slain by Robin

Skill      XL: |  1  2  3 |
---------------+----------+-----
Dodging        | 2 |  2.2
Conjurations   | 2 |  2.0
Stealth        | |  1.7
Spellcasting   | |  2.2
Air Magic      | |  3.5

Action                   || total
-------------------------++-------
Melee: Mace              ||    32
       Tailslap          ||     2
 Cast: Shock             ||    64
  Use: Scroll            ||     2
       Potion            ||     1
  Eat: Chunk             ||     4
Armor: Skin              ||    25
Dodge: Dodged            ||    31
